 Dungeon Crawl Stone Soup version 0.29-a0-222-g5b244fca1f (webtiles) character file.

Game seed: 4822366812909147494

232 Zonian the Chiller (level 4, -4/30 HPs)
             Began as a Human Ice Elementalist on Feb 27, 2022.
             Was a Follower of Ru.
             Killed by nerve-wracking pain
             ... invoked by an orc priest
              (14 damage)
             ... on level 4 of the Dungeon.
             The game lasted 00:08:34 (3837 turns).

Zonian the Chiller (Human Ice Elementalist)         Turns: 3837, Time: 00:08:35

Health: -4/30      AC:  7    Str:  8    XL:     4   Next: 25%
Magic:  5/8        EV: 13    Int: 18    God:    Ru [*.....]
Gold:   221        SH:  0    Dex: 13    Spells: 5/9 levels left

rFire   . . .      SeeInvis .   c - +2 dagger (elec)
rCold   . . .      Faith    .   (no shield)
rNeg    . . .      Spirit   .   a - +0 robe
rPois   .          Reflect  .   (no helmet)
rElec   .          Harm     .   (no cloak)
rCorr   .          Rampage  .   (no gloves)
Will    .....                   g - +0 pair of boots
Stlth   ++........              (no amulet)
HPRegen 0.10/turn               i - +4 ring of protection
MPRegen 0.11/turn               (no ring)

@: lethally poisoned (-4 -> -5), freezing walls
A: inexperienced 1
a: Renounce Religion


You were on level 4 of the Dungeon.
You worshipped Ru.
Ru was aware of your devotion.
You visited 1 branch of the dungeon, and saw 4 of its levels.

You collected 221 gold pieces.

Inventory:

Hand Weapons
 c - a +2 dagger of electrocution (weapon)
 d - a +2 vorpal war axe
Armour
 a - a +0 robe (worn)
 g - a +0 pair of boots (worn)
Jewellery
 i - a +4 ring of protection (left hand)
Scrolls
 j - 2 scrolls of magic mapping
Potions
 b - a potion of mutation {unknown}
 e - a potion of degeneration {unknown}
 f - 3 potions of curing
 h - a potion of attraction {unknown}


   Skills:
 + Level 3.4 Dodging
 + Level 3.6 Stealth
 + Level 3.2 Spellcasting
 + Level 4.9 Ice Magic


You had 5 spell levels left.
You knew the following spells:

 Your Spells              Type           Power      Damage    Failure   Level
a - Freeze                Ice            80%        1d9       1%          1
b - Frozen Ramparts       Ice            40%        1d6       6%          3

Your spell library contained the following spells:

 Spells                   Type           Power      Damage    Failure   Level
 Ozocubu's Armour         Ice            20%        N/A       6%          3
 Ignite Poison            Fire/Tmut/Pois 2%         N/A       43%         3
 Mephitic Cloud           Conj/Pois/Air  2%         N/A       43%         3
 Hailstorm                Conj/Ice       11%        3d5       50%         4
 Freezing Cloud           Conj/Ice/Air   4%         6-21      92%         5


Dungeon Overview and Level Annotations

Branches:
Dungeon (4/15)
 Temple: D:4-7

Altars:
Ru
Vehumet

Annotations:
D:2 Terence


Innate Abilities, Weirdness & Mutations

You are somewhat inexperienced. (-2 XL)


Message History

The orc hits you but does no damage.
You redirect the orc priest's attack!
The orc priest hits the orc but does no damage.
The orc priest hits you with a +0 hand axe.
The orc misses you.
The orc priest looks encouraged for a moment.
The orc closely misses you.
You hit the orc but do no damage. The orc hits you but does no damage.
You are poisoned.
Unknown command.
Casting: Freeze (safe; 2% risk of failure)
Confirm with . or Enter, or press ? or * to list all spells.
The spell is quite dangerous to miscast (7% risk of failure)!
Continue anyway?
Casting: Frozen Ramparts (quite dangerous; 7% risk of failure)
Press: ? - help, Dir - look around, f - activate The walls around you are covered in ice.
You feel sick.
The wall freezes the orc priest.
The wall freezes the orc.
The orc hits you from afar with a +0 trident.
The wall freezes the orc.
The orc closely misses you.
Unknown command.
You hit the orc but do no damage.
The orc is heavily wounded.
You feel sick.
The wall freezes the orc priest.
The wall freezes the orc.
The orc closely misses you.
The wall freezes the orc.
You kill the orc!
Unknown command.
You feel sick.
The wall freezes the orc priest. x2; The wall freezes the orc.
You kill the orc!
Unknown command.
You hit the orc priest.
The orc priest is almost dead.
You feel sick.
The wall freezes the orc priest. x2
You kill the orc priest!
The wall freezes the orc priest.
The orc priest begins to pray, but is stunned by your conviction!
Unknown command.
You feel sick.
The wall freezes the orc priest.
The orc priest invokes the aid of Beogh against you.
Pain shoots through your body!
You die...

#.# ....###.###.. #.#
#...#$..#.. #.#
#...._.... #.# #..#
..#
##.########.###.##
#............#.).#..#
#..######o).........#
#..# #)######.##...
#..######@# ..
####...##.##.# #.#
.......#.#...#.## #
.#####..........#
#.###..?#..# #.
##.##..# #. #.##..#
#.####.##..#
#.........#


You could see an orc priest.

Vanquished Creatures
  The ghost of dracfodder the Skirmisher, an amateur GrBe of Trog (D:3)
  An orc priest (D:4)
  Robin (D:3)
  3 adders
  An ufetubus (D:4)
  2 dart slugs (D:2)
  7 orcs
  4 bats
  4 endoplasms
  2 giant cockroaches
  14 goblins
  7 hobgoblins
  4 kobolds
  3 quokkas
  11 ball pythons
  4 frilled lizards
  5 rats
74 creatures vanquished.

Notes
Turn   | Place    | Note
-------+----------+-------------------------------------------
     0 | D:1      | Zonian the Human Ice Elementalist began the quest for the
                  | Orb.
     0 | D:1      | Reached XP level 1. HP: 13/13 MP: 3/3
   521 | D:1      | Reached XP level 2. HP: 19/19 MP: 1/5
  1362 | D:2      | Reached XP level 3. HP: 24/24 MP: 0/6
  1366 | D:2      | Learned a level 3 spell: Frozen Ramparts
  1494 | D:2      | Noticed Terence
  1966 | D:2      | Reached XP level 4. HP: 27/30 MP: 0/7
  2503 | D:3      | Found a faded altar of an unknown god.
  2514 | D:3      | Prayed at the altar of an unknown god.
  2514 | D:3      | Became a worshipper of Ru the Awakened
  2519 | D:3      | Gained mutation: You are somewhat inexperienced. (-2 XL)
                  | [Ru sacrifice]
  2519 | D:3      | Reached XP level 3. HP: 24/24 MP: 6/6
  2519 | D:3      | Reached XP level 2. HP: 19/19 MP: 5/5
  2519 | D:3      | Reached * piety under Ru
  2530 | D:3      | Found a runed translucent gate.
  2530 | D:3      | Found a runed translucent gate.
  2531 | D:3      | Found a runed translucent gate.
  2533 | D:3      | Noticed dracfodder's ghost (amateur GrBe)
  3126 | D:3      | Noticed Robin
  3143 | D:3      | Killed Robin
  3144 | D:3      | Reached XP level 3. HP: 19/24 MP: 7/7
  3534 | D:3      | Killed dracfodder's ghost
  3535 | D:3      | Reached XP level 4. HP: 19/30 MP: 8/8
  3809 | D:4      | Found a radiant altar of Vehumet.
  3823 | D:4      | HP: 1/30 [orc priest/divine providence (14)]
  3837 | D:4      | Killed from afar by an orc priest

Illustrated notes

Levels and vault maps discovered:
D:1:      lemuel_arrival_tunnels, layout_basic
D:2:      wad_crossroads, layout_basic, uniq_terence
D:3:      layout_loops_ring, gammafunk_ghost_split,
          ebering_ecumenical_altar_abandoned, uniq_robin
D:4:      layout_loops_ring, mainiacjoe_overflow_large_starburst,
          vehumet_crystals

Skill      XL: |  1  2  3 |
---------------+----------+-----
Stealth        | 3 |  3.6
Dodging        | 3 |  3.4
Spellcasting   | 3 |  3.2
Ice Magic      | |  4.9

Action                   |  1- 3 |  4- 6 || total
-------------------------+-------+-------++-------
Melee: Dagger            |   107 |    26 ||   133
       Punch             |       |     1 ||     1
 Cast: Freeze            |    38 |     4 ||    42
       Frozen Ramparts   |       |     1 ||     1
Invok: Sacrifice Experie |     1 |       ||     1
  Use: Scroll            |     8 |     3 ||    11
       Potion            |       |     3 ||     3
 Stab: Sleeping          |     4 |     2 ||     6
       Distracted        |     1 |       ||     1
Armor: Robe              |    26 |     9 ||    35
Dodge: Dodged            |    75 |    22 ||    97

Table legend: (Time is in decaauts)
 A = Elapsed time spent in this place.
 B = Non-inter-level travel time spent in this place.
 C = Inter-level travel time spent in this place.
 D = Time resting spent in this place.
 E = Time spent auto-exploring this place.
 F = Levels seen in this place.
 G = Mean time per level.
                   A        B        C        D        E       F      G
               +--------+--------+--------+--------+--------+-----+--------+
         Total |   3836 |   3718 |    118 |    575 |   2488 |   4 |  959.0 |
       Dungeon |   3836 |   3718 |    118 |    575 |   2488 |   4 |  959.0 |
               +--------+--------+--------+--------+--------+-----+--------+

Top non-repeatable levels by time:
     D:1: 1394 daAuts
     D:3: 1331 daAuts
     D:2: 1026 daAuts
     D:4: 83 daAuts
